[Event "CCT Julius Baer-D3 2024"]
[Site "Online"]
[Date "2024.09.27"]
[Round "1.3"]
[White "Deac, Bogdan-Daniel"]
[Black "Yoo, Christopher Woojin"]
[Result "1/2-1/2"]
[ECO "E05"]
[WhiteElo "2680"]
[BlackElo "2603"]
[Annotator "TA"]
[PlyCount "272"]
[EventDate "2024.09.25"]
[EventType "swiss"]
[EventCountry "NET"]
[SourceTitle "playchess.com"]
[Source "ChessBase"]
[SourceQuality "1"]
[TimeControl "600+2"]

1. Nf3 Nf6 2. c4 e6 3. g3 d5 4. Bg2 Be7 5. d4 O-O 6. O-O dxc4 7. Qc2 b5 8. a4 {[%emt 0:00:01] E05: Open Catalaans: 5 Pf3 Le7.} Bb7 9. axb5 {[%emt 0:00:01] OK} a6 {[%emt 0:00:02] OK} 10. bxa6 {[%emt 0:00:40] OK. Wit staat iets beter.} (10. Qxc4 $2 {slaat de verkeerde figuur.} axb5 11. Qxb5 Rxa1 $19) 10... Nxa6 {[%emt 0:00:02][%cal Bb8a6,Ba6b4,Bb4c2][%mdl 32] EV=32.57} 11. Qxc4 Bd5 {[%emt 0:00:02] OK} 12. Qc3 {[%emt 0:00:01] Onnauwkeurig} c5 {[%emt 0:00:05] OK} 13. Be3 {[%emt 0:00:01] OK} Ne4 14. Qe1 {[%emt 0:00:11] OK} Nb4 {[%emt 0:00:05] OK} 15. Rxa8 {[%emt 0:00:21] OK} Qxa8 16. Nc3 {[%emt 0:00:01] OK} Nc2 {[%emt 0:00:57] [#] Onnauwkeurig} 17. Nxd5 $1 {[%emt 0:00:03] Sterk} Qxd5 18. Qc1 {[%emt 0:00:11] OK} Nxe3 {[%emt 0:00:31] OK} 19. Qxe3 cxd4 {[%emt 0:00:02] OK} 20. Nxd4 Bc5 21. Bxe4 Qxd4 {[%emt 0:00:06] OK} 22. Qxd4 Bxd4 $16 {[%emt 0:00:00][%mdl 4096] Eindspel. KRB-KRB} 23. b4 {[%emt 0:00:13] OK} Rb8 {[%emt 0:00:04] OK} 24. Rb1 {[%emt 0:00:03] OK} Kf8 {[%emt 0:00:02] OK} 25. e3 $146 ({Verwerp} 25. Bxh7 g6 $15) ({Predecessor:} 25. b5 Ke7 26. Kg2 h5 27. Bd3 g5 28. Rc1 Bb6 29. h3 Rd8 30. Rc3 h4 31. gxh4 gxh4 {1-0 Lazavik,D (2523)-So,W (2771) Chess.com Rapid CGC KO 2022 (1.2)}) 25... Bb6 {[%emt 0:00:04] OK} 26. Kf1 ({Slechter is} 26. Bxh7 g6 $15) 26... Rc8 {[%emt 0:00:02] OK} 27. Ke2 ({Natuurlijk niet} 27. Bxh7 $6 g6 $11) 27... Rc3 28. Bd3 ({Speel niet} 28. Bxh7 $6 g6 $11) 28... g6 {[%emt 0:00:18] OK} 29. Ra1 Rb3 {[%emt 0:00:04] OK} 30. b5 {[%emt 0:00:01] OK} Rb2+ {[%emt 0:00:04] OK} 31. Kf1 {[%emt 0:00:01] OK} Ke7 32. Ra6 {[%emt 0:00:09] OK} Bc5 {[%emt 0:00:01] OK} 33. Rc6 {[%emt 0:00:05] OK} Bb4 {[%emt 0:00:01] OK} 34. g4 {[%emt 0:01:32] Onnauwkeurig} Kf6 35. Ra6 h6 36. h4 {[%emt 0:00:09][%cal Bh2h4,Bh4h5][%mdl 32] EV=11.36. Goes to h5 (dbg))} Bc5 37. Rc6 {[%emt 0:00:15] OK} Bb4 {[%emt 0:00:02] OK} 38. Rc7 g5 {[%emt 0:00:04] OK} 39. h5 {[%emt 0:01:09] OK} Ba5 {[%emt 0:00:02] Onnauwkeurig} 40. Ra7 {[%emt 0:00:03] Onnauwkeurig} Bb6 {[%emt 0:00:01] OK} 41. Rb7 Bc5 {[%emt 0:00:01] OK} 42. Bh7 Rb4 {[%emt 0:00:03] OK} 43. Bg8 {[%emt 0:00:21][%cal Rb7f7] OK} Be7 {[%emt 0:00:02] Beste (Gemakkelijk)} 44. b6 {[%emt 0:00:04][%cal Bb5b6,Bb6b7][%mdl 32] EV=10.01. Goes to b7 (dbg)). OK} Rxg4 45. Rc7 {[%emt 0:00:35][%cal Of2f4] Wit is actiever.} Rb4 {[%emt 0:00:03] OK} 46. b7 {[%emt 0:00:02] Beste (Gemakkelijk)} {Zwart kan het beste.} Rb2 {[%emt 0:00:37] Fout (0.5)} (46... e5 $1 $14) 47. Kg2 {[%emt 0:00:14] Onnauwkeurig} g4 {[%emt 0:01:10][%cal Bg5g4,Bg4g3,Bg3f2][%mdl 32] EV=12.39. Goes to f2 (dbg)). Onnauwkeurig} 48. Rd7 {[%emt 0:00:02] Beste} Bc5 {[%emt 0:00:11] zou kunnen werken. Fout (1.1)} (48... e5 $16) 49. Kg3 ({Doe niet} 49. Bxf7 Bd6 50. Rxd6 Kxf7 51. Rd7+ Kf6) 49... Kg5 {[%emt 0:00:48] is waarschijnlijk voordeliger. Fout (1.3)} (49... Be7 50. Kxg4 Rb4+ 51. f4 e5) 50. Bxf7 $18 {[%emt 0:00:01] Beste (Gemakkelijk)} (50. Rxf7 Bd6+ 51. f4+ gxf3+ 52. Kxf3 Be5 $18) 50... Ba7 51. Bxe6 {[%emt 0:00:03] Beste (Gemakkelijk)} Bb8+ {[%emt 0:00:00] [#] Beste} 52. Kg2 $2 {[%emt 0:00:01] is de winnende zet. Gemiste overwinning (1.8)} (52. f4+ $1 $18 gxf3+ 53. Kxf3) 52... g3 $16 {[%emt 0:00:05][%cal Rb2f2] Beste} 53. Rf7 Rxf2+ {[%emt 0:00:21] OK} 54. Rxf2 gxf2 $14 {[%emt 0:00:00] KB-KB} 55. Bf7 (55. Kxf2 Kxh5 56. Kf3 Kg5 $16) 55... Bg3 56. Bc4 {[%emt 0:00:04] OK} ({Maar niet} 56. Kxg3 f1=Q 57. b8=Q Qxf7 $11) 56... Bb8 57. Be2 ({Niet} 57. Kxf2 Kxh5 58. Kf3 Kg5 $18) 57... Kf5 58. Kxf2 Ke4 59. Bb5 Ba7 60. Bc6+ Ke5 61. Kf3 Bb8 62. Bb5 Ba7 63. Bd3 Bb8 {[%emt 0:00:03] OK} 64. Bg6 Ba7 65. Ke2 Bb8 66. Kd3 Ba7 67. Be4 Bb8 {[%emt 0:00:05] OK} 68. Bf3 Ba7 69. Kc4 Kd6 70. Bd5 Ke5 {[%emt 0:00:20] OK} 71. Bg2 Kd6 72. Bf3 (72. Kb5 $5 Kc7 $8 73. b8=N Kxb8 74. Kc6 $11) 72... Ke5 {[%emt 0:00:12] OK} 73. Kb5 Kd6 74. Ka6 {[%emt 0:00:01] OK} Bb8 {[%emt 0:00:01] Beste (Gemakkelijk)} 75. Kb6 {[%emt 0:00:01] OK} Kd7 76. Bg4+ Kd6 77. Bh3 Ke7 {[%emt 0:00:02] OK} 78. Kc6 {[%emt 0:00:02] OK} Bh2 {[%emt 0:00:11] OK} 79. Bg4 Bb8 {[%emt 0:00:03] OK} 80. Be2 {[%emt 0:00:01] OK} Bh2 81. Kb6 {[%emt 0:00:02] OK} Bb8 {[%emt 0:00:01] Beste (Gemakkelijk)} 82. Bd3 Kd6 83. Bg6 {[%emt 0:00:03] OK} Ke7 84. Kc5 {[%emt 0:00:03] OK} Ke6 {[%emt 0:00:06] OK} 85. Kc6 {[%emt 0:00:03] OK} Ke7 86. Kd5 Kf6 {[%emt 0:00:05] OK} 87. Bd3 {[%emt 0:00:02] OK} Bh2 {[%emt 0:00:05] OK} 88. Bc2 Bb8 89. Bd1 Bh2 {[%emt 0:00:04] OK} 90. Bg4 Bb8 91. Kc6 {[%emt 0:00:01] Hoopt vervolgens op Kd7. OK} Ke7 {[%emt 0:00:01] OK} 92. Bh3 {[%emt 0:00:01] OK} Bh2 93. e4 Bb8 {[%emt 0:00:03] OK} 94. Bf5 Bh2 {[%emt 0:00:05] OK} 95. Kc5 Bb8 {[%emt 0:00:04] OK} 96. Kb6 Kf6 {[%emt 0:00:07] OK} 97. Kb5 Ke7 {[%emt 0:00:04] OK} 98. Kc6 Bh2 {[%emt 0:00:03] OK} 99. Bh3 Bb8 100. Bf1 Bh2 {[%emt 0:00:03] OK} 101. Bc4 Bb8 102. Kd5 {[%emt 0:00:02] En nu zou e5 winnen. OK} Kf6 $1 {[%emt 0:00:03] Sterk} 103. Be2 Bh2 {[%emt 0:00:03] OK} 104. Bf3 Bb8 105. Kc5 Ke7 {[%emt 0:00:04] OK} 106. Kc6 Bh2 107. Bg4 Bb8 108. Bd1 Bh2 109. Bb3 Bb8 {[%emt 0:00:02] OK} 110. Kb6 Kf6 111. Ba2 Ke7 112. Kc5 Kf6 {[%emt 0:00:04] OK} 113. Bg8 Ke7 114. Bh7 Kf6 115. Bg6 Ke7 116. Kd5 {[%emt 0:00:02] e5 zou dodelijk zijn.} Kf6 $1 {[%emt 0:00:01] Sterk} 117. Bf5 Bh2 {[%emt 0:00:03] OK} 118. Bh3 Bb8 119. Bf1 Bh2 {[%emt 0:00:02] OK} 120. Kd4 Bb8 121. Kc5 Ke7 122. Kc6 Bh2 123. Kb6 {[%emt 0:00:01] Ka7 is de sterke dreiging. OK} Bb8 {[%emt 0:00:01] Beste (Gemakkelijk)} 124. Ba6 Kf6 125. Bc4 Ke7 {[%emt 0:00:01] OK} 126. Bd5 Kf6 127. Kc6 Ke7 {[%emt 0:00:00] Beste (Gemakkelijk)} 128. Bg8 Bh2 129. Bh7 Bb8 130. Kd5 {[%emt 0:00:04] Dreigt te winnen met e5. OK} Kf6 $1 {[%emt 0:00:00] Sterk} 131. Bg6 Bh2 {[%emt 0:00:03] OK} 132. Kd4 Bb8 133. Kc5 Ke7 134. Bf5 Bh2 135. Kd5 {[%emt 0:00:01] Wit wil matzetten met e5.} Kf6 $1 {[%emt 0:00:01] Sterk} 136. Kc6 {[%emt 0:00:01] Sterke dreiging met Kd7.} Ke7 {[%emt 0:00:00] Blunder waarde: Wit=0.12 (erg precies) /Zwart=0.11 (erg precies) . Beste (Gemakkelijk).  Gemiste overwinning: 	Wit=1      	---        Fout:        	---       	Zwart=3      Onnauwkeurig:    	Wit=4      	Zwart=3      OK:         	Wit=32     	Zwart=50     Beste:        	Wit=4      	Zwart=8      Sterk:        	Wit=1      	Zwart=4} 1/2-1/2

[Event "CCT Julius Baer-D3 2024"]
[Site "Online"]
[Date "2024.09.27"]
[Round "1.3"]
[White "Martirosyan, Haik M."]
[Black "Caruana, Fabiano"]
[Result "0-1"]
[ECO "D44"]
[WhiteElo "2667"]
[BlackElo "2798"]
[Annotator "TA"]
[PlyCount "88"]
[EventDate "2024.09.25"]
[EventType "swiss"]
[EventCountry "NET"]
[SourceTitle "playchess.com"]
[Source "ChessBase"]
[SourceQuality "1"]
[TimeControl "600+2"]

1. d4 Nf6 2. c4 e6 3. Nf3 d5 4. Nc3 c6 5. Bg5 dxc4 6. e4 b5 7. e5 h6 8. Bh4 g5 9. Nxg5 hxg5 10. Bxg5 Nbd7 11. exf6 Bb7 12. Be2 {[%emt 0:00:03] Recently 12.h4 got a lot of attention.} Qa5 {[%emt 0:00:03] D44: Semi-Slav: Botvinnik System.} 13. O-O O-O-O 14. h4 Ne5 {[%emt 0:00:06] was the old line (14...Bh6).} 15. Qd2 $146 ({Predecessor:} 15. Qc1 Nd3 16. Bxd3 cxd3 17. Qe3 Qb4 18. Rfd1 Rxd4 19. Rxd3 Rdxh4 20. Bxh4 Qxh4 21. Qh3 Qxf6 22. Qg3 {½-½ Iotov,V (2565)-Mendl,M (2528) GER AM/03-A email 2017}) 15... b4 (15... Bc5 $15) 16. Ne4 $11 Qd5 ({Better is} 16... Nd3 $14) 17. dxe5 $16 Qxe4 18. Qe3 Qxe3 19. Bxe3 Rxh4 20. f4 (20. Bxa7 $2 Rd2 21. Rfe1 (21. g3 $2 Rh8 $19) 21... c5 $19 (21... Rxb2 22. Be3 $19)) 20... c3 21. bxc3 (21. Bxa7 Rd2 (21... cxb2 $2 22. Rad1 $19) 22. Rfe1 cxb2 $19 (22... Rxf4 $2 23. bxc3 bxc3 24. Bf2 $19) (22... Rxb2 $2 23. Bb6 $19)) 21... bxc3 {[%emt 0:00:00] [#]} 22. a3 $1 (22. Bxa7 Rd2 23. Rf2 c5 $19) 22... Rd2 23. Rf2 ({White should play} 23. Bxd2 $16 Bc5+ 24. Rf2 cxd2 25. g3) 23... Rb2 $14 24. Bf3 Rxf4 25. Rxb2 (25. Bxf4 $11 Bc5 26. Bg3) 25... cxb2 $15 26. Rb1 Rf5 27. Rxb2 Rxe5 28. Bd4 (28. Rb3 $15 {deserves consideration.}) 28... Rf5 29. Rb3 a5 ({Black should try} 29... Bd6 $17 30. g4 Rf4 31. Bxa7 Rxf6) 30. Re3 $2 (30. g4 $1 $15 Rb5 31. Rc3) 30... c5 $19 31. Bxb7+ Kxb7 32. Bc3 (32. g4 $142 Rf4 (32... cxd4 $2 33. Rb3+ Kc6 34. gxf5 $19) 33. Bc3) 32... c4 $19 33. Re4 Bxa3 34. g4 Rc5 35. Kg2 (35. Kf2 $142) 35... Bb4 $19 36. Bd4 Rc6 37. Be3 (37. g5 $142) 37... a4 $19 38. g5 a3 39. g6 fxg6 40. Rh4 a2 41. Rh1 Bc3 42. f7 Rc8 (42... a1=B 43. f8=Q (43. f8=B $2 {loses.} e5 $19) 43... g5 44. Rd1 (44. Bxg5 Be5 $18) 44... Ka6 45. Qa8+ (45. Bxg5 Kb5 $18) 45... Kb5 46. Qb7+ (46. Rxa1 Bxa1 47. Qb7+ Ka5 48. Qxc6 Kb4 49. Qb6+ Ka4 50. Qa6+ Kb3 51. Qxa1 c3) 46... Ka4 47. Qxc6+ Kb3 48. Qb7+ (48. Qxe6 Bab2 49. Rd8 Ba5 50. Rc8 Bbc3 51. Qxc4+ Kb2 52. Rb8+ Bab4) 48... Bb4 49. Rxa1) (42... a1=Q 43. Rxa1 Bg7 44. Ra7+ Kb8 45. Re7 $11) 43. Bc5 a1=Q (43... a1=B 44. f8=Q Rxf8 45. Bxf8 $11) 44. Rh7 Kc6 0-1

[Event "CCT Julius Baer-D3 2024"]
[Site "Online"]
[Date "2024.09.27"]
[Round "1.3"]
[White "h4parah5"]
[Black "Arm-Akiba"]
[Result "1-0"]
[ECO "C55"]
[WhiteElo "2660"]
[BlackElo "2544"]
[Annotator "NA"]
[PlyCount "119"]
[EventDate "2024.09.25"]
[EventType "swiss"]
[EventCountry "NET"]
[SourceTitle "playchess.com"]
[Source "ChessBase"]
[SourceQuality "1"]
[TimeControl "600+2"]

1. e4 e5 2. Nf3 Nc6 3. Bc4 Nf6 4. d3 Be7 5. O-O O-O 6. Nc3 d6 7. a4 Bg4 8. h3 Bh5 9. Nd5 Nxd5 10. Bxd5 Qc8 11. Be3 Kh8 12. g4 Bg6 13. a5 a6 14. c3 Nd8 15. Kh2 c6 16. Ba2 Ne6 17. Qd2 Qc7 18. Bxe6 fxe6 19. Qe2 Qd8 20. c4 c5 21. Kg1 b5 22. axb6 Qxb6 23. b4 Qc7 24. bxc5 dxc5 25. Ra3 a5 26. Rfa1 Be8 27. Nd2 a4 28. Nb1 Bc6 29. Nc3 Ra5 30. Bd2 Rfa8 31. Qd1 Qd7 32. Qc2 R5a6 33. Be3 h6 34. Kg2 Kh7 35. Rb1 R6a7 36. Nb5 Ra5 37. Nc3 R5a7 38. Rba1 Qe8 39. Ne2 Rb7 40. Bd2 Rab8 41. Bc3 Bd6 42. Ng1 Qf8 43. Nf3 Qf6 44. Qe2 Rb3 45. Nd2 Rxa3 46. Rxa3 Qf4 47. Qe3 Bd7 48. Nf3 Rb3 49. Rxb3 axb3 50. Nd2 Ba4 51. Nf3 Qxe3 52. fxe3 Bc7 53. Kf2 Ba5 54. Bxa5 b2 55. Nd2 Bc2 56. Ke2 b1=Q 57. Nxb1 Bxb1 58. Bc3 Kg6 59. Bxe5 Kf7 60. Bd6 1-0

[Event "CCT Julius Baer-D3 2024"]
[Site "Online"]
[Date "2024.09.27"]
[Round "1.3"]
[White "Gelfand, Boris"]
[Black "Predke, Alexandr"]
[Result "1-0"]
[ECO "E16"]
[WhiteElo "2658"]
[BlackElo "2671"]
[Annotator "TA"]
[PlyCount "87"]
[EventDate "2024.09.25"]
[EventType "swiss"]
[EventCountry "NET"]
[SourceTitle "playchess.com"]
[Source "ChessBase"]
[SourceQuality "1"]
[TimeControl "600+2"]

1. d4 Nf6 2. c4 e6 3. Nf3 b6 4. g3 Bb4+ 5. Bd2 Bxd2+ 6. Qxd2 Bb7 7. Bg2 O-O 8. Nc3 Ne4 9. Qd3 (9. Nxe4 {simplifies} Bxe4 10. Qf4 Bb7 11. O-O) 9... Nxc3 10. Ng5 {[%emt 0:00:01][%csl Gg5][%cal Rd3h7] [#] Inhibits Ne4.} Ne4 $1 11. Nxe4 {[%emt 0:00:01][%cal Oe4g5] Strongly threatening Ng5! The position is equal.} Nc6 (11... f5 $2 12. Nf6+ Qxf6 13. Bxb7 $18) 12. O-O f5 13. Nc3 Nb4 14. Qd2 Bxg2 15. Kxg2 Nc6 16. Rad1 Ne7 17. d5 Ng6 18. d6 (18. f4 $14) 18... c6 $1 $11 19. f4 e5 20. e3 Qf6 21. b4 Qe6 22. Qd3 a5 23. b5 {[%emt 0:00:55] White wants to play bxc6.} Rac8 24. Rd2 cxb5 25. cxb5 e4 $1 26. Qc2 Nh8 27. Qb2 {[%emt 0:00:19] Threatening Na4.} Nf7 28. Rfd1 h5 (28... Rc5 $6 29. Na4 Rc4 30. Nxb6 $16) 29. Na4 Rc4 $1 30. Nxb6 Rb4 31. Qa3 {[%emt 0:00:03] White is much more active.} Rxb5 32. Nd5 $36 {[%emt 0:00:01][%mdl 2048] [#] Nc7 is the strong threat. White has some pressure.} Qh6 (32... Rb7 $11 {remains equal.}) 33. Nc7 $16 Rbb8 34. Qxa5 Qh7 {[%emt 0:00:10] Loses the game.} (34... Qg6 $16) 35. Nd5 $18 Nh6 (35... Kh8 $142 36. Ne7 h4 37. Qxf5 (37. Nxf5 Qh5 $11) 37... Qxf5 38. Nxf5 Kh7 39. gxh4 (39. Nxh4 Rfc8 $18) 39... Rfc8) 36. Ne7+ Kh8 37. h3 h4 38. gxh4 Ng8 39. Kh2 Nxe7 40. dxe7 Rfe8 41. Qe5 (41. Rxd7 Qxh4 42. R1d2 (42. Qxf5 Qf2+ 43. Kh1 Qf3+ 44. Kh2 Qf2+ 45. Kh1 Qf3+ 46. Kh2 Qf2+ $11) 42... Rxe7 43. Qxf5 Rxd7 44. Qxd7 Qe1) 41... Rb6 $2 (41... Qxh4 $18 42. Rg2 (42. Rxd7 Qf2+ 43. Kh1 Qf3+ 44. Kh2 Qf2+ 45. Kh1 Qf3+ 46. Kh2 Qf2+ $11) (42. Qxf5 Rxe7 43. Rg2 Qf6 $18) 42... Qf6 43. Qxf6 (43. Rxd7 Qxe5 44. fxe5 Kg8 $18) 43... gxf6 44. Rxd7 Kh7) 42. Rxd7 {[%emt 0:00:15] White mates.} Qxh4 43. Rg1 $1 ({Stronger than} 43. Qxf5 Qf2+ 44. Kh1 Qf3+ 45. Kh2 (45. Kg1 Qxe3+ 46. Kh1 Qf3+ 47. Kg1 Qg3+ 48. Kf1 Qf3+ 49. Kg1 Qe3+ 50. Kf1 Qf3+ 51. Kg1 $11) 45... Qe2+ 46. Kg3 Qf3+ 47. Kh2 Qf2+ 48. Kh1 Qf3+ 49. Kh2 $11 (49. Kg1 Qg3+ 50. Kh1 Qf3+ $11)) 43... Rf6 44. Rd8 {[%emt 0:00:11] Weighted Error Value: White=0.08 (flawless) /Black=0.30.  Loses game:     	---       	Black=1      Mistake:       	White=1     	Black=3      Inaccurate:     	White=1     	Black=1      OK:         	White=19    	Black=14     Best:        	White=2     	Black=2      Strong:       	---       	Black=4} 1-0

[Event "CCT Julius Baer-D3 2024"]
[Site "Online"]
[Date "2024.09.27"]
[Round "1.3"]
[White "Korobov, Anton"]
[Black "Ponkratov, Pavel"]
[Result "1/2-1/2"]
[ECO "E43"]
[WhiteElo "2650"]
[BlackElo "2564"]
[Annotator "TA"]
[PlyCount "105"]
[EventDate "2024.09.25"]
[EventType "swiss"]
[EventCountry "NET"]
[SourceTitle "playchess.com"]
[Source "ChessBase"]
[SourceQuality "1"]
[TimeControl "600+2"]

1. d4 Nf6 2. c4 e6 3. Nc3 Bb4 4. Nf3 b6 5. e3 Bxc3+ 6. bxc3 Bb7 7. Bd3 d6 8. O-O Nbd7 {[%emt 0:00:01] E43: Nimzo-Indian: Rubinstein: 4...b6.} 9. Nd2 e5 10. e4 Qe7 11. Re1 c5 12. Bb2 $146 ({Predecessor:} 12. Nf1 exd4 13. cxd4 cxd4 14. Bb2 Ne5 15. Bxd4 O-O 16. Ng3 Qe6 17. f4 Nxd3 18. Qxd3 {0-1 Pap,G (2384)-Bojchev,M (2240) Wch U14 Belfort 2005 (9)}) 12... Nf8 13. Nf1 Ng6 14. f3 Nf4 15. Bc2 O-O-O 16. Ne3 g5 17. a4 g4 18. fxg4 h5 19. Nf5 Qd7 20. g5 Rhg8 21. h4 Ng4 22. dxe5 Nxe5 23. Rf1 Nfg6 (23... Nxg2 $2 24. Kxg2 f6 25. Bc1 $18 (25. Qxh5 fxg5 $18)) 24. Qe2 Qe6 25. a5 f6 (25... Qxc4 $16 {was called for.} 26. Qe1 (26. Qxh5 Rh8 $16) 26... Qe6) 26. axb6 (26. Qxh5 Rh8 27. Nh6 fxg5 28. hxg5 (28. Qxg5 Nxh4 29. Rf6 Nhf3+ 30. gxf3 Nxf3+ 31. Rxf3 Rxh6 $15) 28... Rdf8 $14) 26... axb6 27. Bc1 (27. Qxh5 Rh8 28. Nh6 fxg5 29. hxg5 (29. Qxg5 Nxh4 30. Rf6 Qh3 $15) 29... Rdf8 $16) 27... Ng4 28. gxf6 (28. Ne3 $16 {Strongly threatening Nxg4.} Nxe3 29. Bxe3) 28... Qxf6 {[%emt 0:00:16] [#]} ({Better is} 28... Qe5 $1 $14 29. g3 Nxf6) 29. e5 (29. Bg5 $1 $18 Qe5 30. g3) 29... Qxe5 $14 30. Qxe5 N4xe5 31. Rd1 (31. Bg5 $2 Nxh4 32. Nxh4 (32. Ne7+ $2 Kb8 $19) 32... Rxg5 $19) 31... Kc7 (31... Nxc4 32. Bb3 (32. Bg5 $2 Nxh4 33. Nxh4 Rxg5 $19) 32... d5 33. Bg5 $14) 32. Bg5 Rd7 33. Ra7 Kb8 34. Rxb7+ Kxb7 35. Nxd6+ Kb8 $1 36. Bf5 Ra7 37. Nb5 Nxh4 38. Bxh4 (38. Be6 $5 Rag7 $8 (38... Rxg5 39. Rd8+ Kb7 40. Bc8+ Kc6 41. Rd6#) 39. Bxg8 (39. Bxh4 $2 {too greedy.} Rxg2+ 40. Kh1 Nf3 $19) 39... Rxg8 40. Rd8+ (40. Bxh4 Nf3+ 41. Kh1 Nxh4 $11) 40... Rxd8 41. Bxd8 $18) 38... Nf3+ 39. Kh1 Nxh4 40. Nxa7 (40. Be6 $5 Re8 41. Rd6 $11) 40... Nxf5 41. Rd7 Rg6 42. Nb5 Ne3 43. Nd6 Nxg2 (43... Rxg2 44. Rb7+ Ka8 45. Re7) 44. Rb7+ Ka8 45. Rxb6 Ne1 46. Rb1 Nd3 47. Ne4 Rg4 48. Nd6 h4 49. Kh2 Ne5 50. Rf1 Nxc4 51. Kh3 Rg3+ 52. Kxh4 Rxc3 $2 (52... Re3 $11 53. Nxc4 Re4+ 54. Kg3 Rxc4) 53. Ne4 $2 (53. Rf8+ $18 Ka7 54. Nb5+ Kb7 55. Nxc3) 1/2-1/2

[Event "CCT Julius Baer-D3 2024"]
[Site "Online"]
[Date "2024.09.27"]
[Round "1.3"]
[White "Micki-taryan"]
[Black "Caruana, Fabiano"]
[Result "0-1"]
[ECO "D44"]
[WhiteElo "2646"]
[BlackElo "2750"]
[Annotator "TA"]
[PlyCount "88"]
[EventDate "2024.09.25"]
[EventType "swiss"]
[EventCountry "NET"]
[SourceTitle "playchess.com"]
[Source "ChessBase"]
[SourceQuality "1"]
[TimeControl "600+2"]

1. d4 Nf6 2. c4 e6 3. Nf3 d5 4. Nc3 c6 5. Bg5 dxc4 6. e4 b5 7. e5 h6 8. Bh4 g5 9. Nxg5 hxg5 10. Bxg5 Nbd7 11. exf6 Bb7 12. Be2 Qa5 13. O-O O-O-O 14. h4 (14. h3 $5) 14... Ne5 {[%emt 0:00:06] The position is equal.} 15. Qd2 (15. Qc1 $11 Nd3 16. Bxd3 cxd3 17. d5) 15... b4 (15... Bc5 $1 $15 16. Rad1 (16. a4 Rxd4 17. Qc2 b4 $17) 16... Rxd4) 16. Ne4 $14 {[%emt 0:00:48] [#] Qe3 is the strong threat.} Qd5 (16... Nd3 $11 {keeps the balance.}) 17. dxe5 $16 Qxe4 18. Qe3 Qxe3 19. Bxe3 (19. fxe3 c3 $16) 19... Rxh4 20. f4 (20. Bxa7 $2 Rd2 21. Rfe1 (21. g3 $2 Rh8 $19) 21... c5 $19 (21... Rxb2 22. Be3 $19)) 20... c3 21. bxc3 (21. Bxa7 Rd2 (21... cxb2 $2 22. Rad1 $19) 22. Rfe1 cxb2 $19 (22... Rxf4 $2 23. bxc3 bxc3 24. Rac1 $19) (22... Rxb2 $2 23. Bb6 $19)) 21... bxc3 {[%emt 0:00:00] [#]} 22. a3 $1 (22. Bxa7 Rd2 23. Bf2 Rxf4 $17) 22... Rd2 23. Rf2 Rb2 24. Bf3 (24. Bd3 $5) 24... Rxf4 25. Rxb2 (25. Bxf4 $14 Bc5 26. Bg3) 25... cxb2 $15 26. Rb1 Rf5 27. Rxb2 Rxe5 28. Bd4 (28. Rb3 $15) 28... Rf5 29. Rb3 a5 (29... Ra5 $17 30. Bc3 Rf5 (30... Rxa3 31. Rxa3 Bxa3 32. Bh5 $14)) 30. Re3 $2 (30. g4 $1 $15 Rb5 31. Rc3) 30... c5 $19 31. Bxb7+ Kxb7 {[%emt 0:00:00][%mdl 4096] Endgame. KRB-KRB} 32. Bc3 c4 {[%emt 0:00:01][%cal Of8c5] Hoping for ...Bc5!} 33. Re4 Bxa3 34. g4 Rc5 35. Kg2 (35. Kf2 $142) 35... Bb4 36. Bd4 Rc6 {[%emt 0:00:24] Strongly threatening ...c3.} 37. Be3 (37. g5 $142) 37... a4 {[%emt 0:00:06] ...a3 would now be deadly.} 38. g5 a3 {[%emt 0:00:02] Threatens to win with ...a2.} 39. g6 fxg6 {[%emt 0:00:02] aiming for ...a2.} 40. Rh4 a2 41. Rh1 Bc3 42. f7 Rc8 (42... a1=B $2 {too greedy.} 43. f8=Q $18 (43. f8=B $2 e5 $19)) (42... a1=Q 43. Rxa1 Bg7 44. Ra7+ Kb8 45. Re7 $16) 43. Bc5 {[%emt 0:00:05] Dodges Rf8} a1=Q {[%emt 0:00:02] ( -> ...Qb2+)} ({Not} 43... a1=B 44. f8=Q Rxf8 45. Bxf8 $15) 44. Rh7 Kc6 {[%emt 0:00:02] Quite a comeback for Black.   Weighted Error Value: White=0.65/Black=0.16 (very precise) .  Loses game:     	White=1     	---        Mistake:       	White=5     	Black=3      Inaccurate:     	White=3     	---        OK:         	White=10    	Black=13     Best:        	White=3     	Black=3      Strong:       	White=1     	---} 0-1

[Event "CCT Julius Baer-D3 2024"]
[Site "Online"]
[Date "2024.09.27"]
[Round "1.3"]
[White "Guseinov, Gadir"]
[Black "Bharath Subramaniyam H"]
[Result "1/2-1/2"]
[ECO "C67"]
[WhiteElo "2636"]
[BlackElo "2561"]
[Annotator "RC"]
[PlyCount "159"]
[EventDate "2024.09.25"]
[EventType "swiss"]
[EventCountry "NET"]
[SourceTitle "playchess.com"]
[Source "ChessBase"]
[SourceQuality "1"]
[TimeControl "600+2"]

1. e4 e5 2. Nf3 Nc6 3. Bb5 Nf6 4. O-O Nxe4 5. d4 Nd6 6. Bxc6 dxc6 7. dxe5 Nf5 8. Qxd8+ Kxd8 9. h3 Bd7 10. Rd1 Kc8 11. a4 a5 12. g4 Ne7 13. Ra3 Nd5 14. Rad3 Be7 15. c4 Nb6 16. b3 h5 17. Nh2 hxg4 18. hxg4 Be6 19. Nc3 Nd7 20. Re3 Rh4 21. Kg2 Bxg4 22. Nxg4 Rxg4+ 23. Kf3 Rg6 24. Ne2 Bg5 25. Nf4 Bxf4 26. Kxf4 Nc5 27. Rh3 b6 28. Be3 Ne6+ 29. Kf5 Kb7 30. Rd7 Rg1 31. Rxf7 Re8 32. Rg3 Rh1 33. f4 g5 34. fxg5 Rf1+ 35. Kg6 Nf8+ 36. Rxf8 Rfxf8 37. Bd4 Kc8 38. c5 Kd7 39. Rh3 Rg8+ 40. Kf5 Ref8+ 41. Kg4 Ke6 42. cxb6 cxb6 43. Rh6+ Kd5 44. Rd6+ Ke4 45. Bxb6 Rf4+ 46. Kh5 Rf5 47. Bd8 Kxe5 48. Rd1 Rf3 49. Bf6+ Ke6 50. Re1+ Kd6 51. Rb1 Ke6 52. Rc1 Kd6 53. Bc3 Rg3 54. Rd1+ Ke6 55. Re1+ Kd7 56. Bf6 Rh3+ 57. Kg4 Rxb3 58. Kf5 Rf3+ 59. Ke4 Ra3 60. Rd1+ Ke6 61. Rd4 c5 62. Rc4 Rc8 63. Kf4 Rb3 64. Re4+ Kd5 65. Re5+ Kd6 66. Re1 Rg8 67. Be7+ Kc6 68. Re6+ Kd7 69. Re5 c4 70. Bf6 c3 71. Re7+ Kc6 72. Re3 Rb4+ 73. Kf5 Rc4 74. Rxc3 Rxc3 75. Bxc3 Kc5 76. g6 Kc4 77. Bxa5 Kb3 78. Kf6 Kxa4 79. Kf7 Rxg6 80. Kxg6 1/2-1/2